 Dungeon Crawl Stone Soup version 0.28-a0-1382-g92835e5c71 (webtiles) character file.

Game seed: 15383092982195185316

6 swappor the Skirmisher (level 1, 0/20 HPs)
             Began as a Minotaur Berserker on Jan 2, 2022.
             Was a Follower of Trog.
             Constricted to death by a ball python (1 damage)
             ... on level 1 of the Dungeon.
             The game lasted 00:00:15 (74 turns).

swappor the Skirmisher (Minotaur Berserker)           Turns: 74, Time: 00:00:16

Health: 0/20       AC:  2    Str: 21    XL:     1   Next: 75%
Magic:  0/0        EV:  9    Int:  4    God:    Trog [*.....]
Gold:   0          SH:  0    Dex:  9    Spells: 0/0 levels left

rFire   . . .      SeeInvis .   a - +0 hand axe
rCold   . . .      Faith    .   (no shield)
rNeg    . . .      Spirit   .   b - +0 animal skin
rPois   .          Reflect  .   (helmet restricted)
rElec   .          Harm     .   (no cloak)
rCorr   .          Rampage  .   (no gloves)
Will    .....                   (no boots)
Stlth   +.........              (no amulet)
HPRegen 0.06/turn               (no ring)
MPRegen 0.07/turn               (no ring)

@: constricted
A: horns 2, retaliatory headbutt
a: Renounce Religion, Berserk


You were on level 1 of the Dungeon.
You worshipped Trog.
Trog was aware of your devotion.
You visited 1 branch of the dungeon, and saw 1 of its levels.

Inventory:

Hand Weapons
 a - a +0 hand axe (weapon)
Missiles
 d - 10 arrows
Armour
 b - a +0 animal skin (worn)
Scrolls
 c - a scroll of noise {unknown}
 e - a scroll of enchant armour {unknown}


   Skills:
 + Level 3.8 Fighting
 + Level 3.7 Axes
 + Level 2.6 Armour
 + Level 2.3 Dodging


You couldn't memorise any spells.
You didn't know any spells.
Your spell library was empty.

Dungeon Overview and Level Annotations

Branches:
Dungeon (1/15)

Altars:


Innate Abilities, Weirdness & Mutations

You have a pair of horns on your head.
You reflexively headbutt those who attack you in melee.


Message History

Welcome, swappor the Minotaur Berserker.
Are you destined to find the marvelous Orb of Zot, or to die trying?
Trog says: Kill them all!
Found a staircase leading out of the dungeon.
c - a scroll labelled VUSAKI COHAEHU
d - 10 arrows
e - a scroll labelled HIOSORCH NA ZIE A kobold comes into view.
It is wielding a +0 dagger.
The kobold shouts!
You hear an angry hiss.
A bat comes into view.
A frilled lizard, a rat and a dart slug come into view.
The frilled lizard hisses angrily.
The bat hits you. The kobold hits you with a +0 dagger.
An endoplasm comes into view.
The bat hits you.
You take 3 damage, and have 16/19 hp.
You hit the bat but do no damage. Your headbutt misses the bat.
You barely miss the kobold. The bat completely misses you.
The kobold hits you with a +0 dagger.
A ball python comes into view.
The kobold closely misses you.
You take 1 damage, and have 15/19 hp.
You hit the kobold. You miss the frilled lizard.
The endoplasm jiggles.
The frilled lizard bites you. The kobold hits you with a +0 dagger.
You take 4 damage, and have 11/19 hp.
MASSIVE DAMAGE!!
You hit the frilled lizard but do no damage.
You hit the kobold.
You kill the kobold!
Trog accepts your kill. The frilled lizard bites you.
You take 2 damage, and have 9/19 hp.
You barely miss the frilled lizard.
A bat comes into view.
The frilled lizard completely misses you.
You closely miss the frilled lizard. The frilled lizard closely misses you.
You slash the frilled lizard!
You kill the frilled lizard!
Trog accepts your kill. The bat barely misses you.
You barely miss the endoplasm. You headbutt the endoplasm.
You kill the endoplasm!
Trog accepts your kill. The bat closely misses you. You furiously retaliate!
You headbutt the bat!
You kill the bat!
Trog accepts your kill. The bat hits you.
You take 1 damage, and have 8/20 hp.
The bat hits you but does no damage. The bat closely misses you.
The dart slug bites you.
Things that are here:
a bat corpse; a frilled lizard corpse You take 1 damage, and have 7/20 hp.
You slash the dart slug! You barely miss the bat.
The bat hits you but does no damage. The dart slug launches a dart at you.
The slug dart hits you.
* * * LOW HITPOINT WARNING * * *
You take 6 damage, and have 1/20 hp.
MASSIVE DAMAGE!!
You slash the dart slug!
You kill the dart slug!
Trog accepts your kill. The bat closely misses you.
You closely miss the ball python. Your headbutt misses the ball python.
You hit the bat.
You kill the bat!
Trog accepts your kill. The ball python bites you.
* * * LOW HITPOINT WARNING * * *
The ball python misses you. The ball python barely misses you.
You furiously retaliate!
You headbutt the ball python. The ball python grabs you.
The ball python constricts you.
You die...

.. #.# ## #.# $!#
#.## #.# #.. ...
#####.###.#
##.##..#r..
####...#.)#S###.##
+.........@.......
####....#†#.####..
##..##.##.#
##.###.# #.#
#......# ...
########.##### ..#
#..#.........# .#
#.#...........#.
.# #
##...).#.#.....##


You could see a ball python and a rat.

Vanquished Creatures
  A dart slug (D:1)
  An endoplasm (D:1)
  2 bats (D:1)
  A frilled lizard (D:1)
  A kobold (D:1)
6 creatures vanquished.

Notes
Turn   | Place    | Note
-------+----------+-------------------------------------------
     0 | D:1      | swappor the Minotaur Berserker began the quest for the Orb.
     0 | D:1      | Reached XP level 1. HP: 19/19 MP: 0/0
    72 | D:1      | HP: 1/20 [dart slug/slug dart (6)]
    74 | D:1      | Constricted to death by a ball python

Illustrated notes

Levels and vault maps discovered:
D:1:      matt_arrival_grand_opening, layout_loops_corners,
          hellmonk_ecumenical_altar_slurped_away, minmay_indecisive_spiral

Action                   || total
-------------------------++-------
Melee: Hand axe          ||    10
       Headbutt          ||     1
Armor: Animal skin       ||     2
Dodge: Dodged            ||    10

Table legend: (Time is in decaauts)
 A = Elapsed time spent in this place.
 B = Non-inter-level travel time spent in this place.
 C = Inter-level travel time spent in this place.
 D = Time resting spent in this place.
 E = Time spent auto-exploring this place.
 F = Levels seen in this place.
 G = Mean time per level.
                   A        B        C        D        E       F      G
               +--------+--------+--------+--------+--------+-----+--------+
         Total |     75 |     75 |      0 |      0 |     56 |   1 |   75.0 |
       Dungeon |     75 |     75 |      0 |      0 |     56 |   1 |   75.0 |
               +--------+--------+--------+--------+--------+-----+--------+

Top non-repeatable levels by time:
     D:1: 75 daAuts

Table legend:
 A = Kills in this place as a percentage of kills in entire the game.
 B = Kills by you in this place as a percentage of kills by you in the entire game.
 C = Kills by friends in this place as a percentage of kills by friends in the entire game.
 D = Other kills in this place as a percentage of other kills in the entire game.
 E = Experience gained in this place as a percentage of experience gained in the entire game.
 F = Experience gained in this place divided by the number of levels of this place that you have seen.
                   A       B       C       D       E      F
               +-------+-------+-------+-------+-------+----------------------
         Total | 100.0 | 100.0 |   N/A |   N/A | 100.0 |  10.0
       Dungeon | 100.0 | 100.0 |   N/A |   N/A | 100.0 |  10.0
               +-------+-------+-------+-------+-------+----------------------
